Unix NetHack Version 5.0.0-0 post-release - last build May  4 2026 22:22:43 (774f63e81ad911689b3a0859ea89b322d5daca8d,branch:main).

Game began 2026-05-08 02:46:58, ended 2026-05-08 12:32:22.

Kolin, lawful female dwarven Valkyrie

                                                  ----------
                                        ###@######.........|         ---------
                                        ##a#      |......(.|         |...{...|
                                        ####      |.....(..|       ##........|
                                                 #..$......|         |...<...|
                                               ###|....)...|        #........|
                                               #  --.--#----        #---------
                                             ###    #               #
                                             #      #              ##
                                             #      ####           #
                                            ##         #           #
                                    --------#          #           #
                                    |......|#        --.-----------#
                                    |......-#        |.......`.....#
                                    |......|#####    |...<....)...|
                                    |......|    #####.....%.......|
                                    |......|         --------------
                                    |......|
                                    --------

Kolin the Fighter           St:18/02 Dx:13 Co:17 In:7 Wi:9 Ch:9  Lawful
Dlvl:7  $:158 HP:0(42) Pw:9(9) AC:3  Xp:6/582 T:3318 

Latest messages:
 You hit the hill orc!
 The hill orc swings her scimitar.
 The hill orc misses!
 You kill the hill orc!
 You are beginning to feel hungry.
 You see here a scimitar.
 You descend the stairs.
 You hit the elf zombie!
 The elf zombie hits!
 You hit the elf zombie!
 You miss the elf zombie.
 You destroy the elf zombie!
 You see here an elf corpse.
 You see here an elf corpse.
 Valkyrie needs food, badly!
 What do you want to eat? [xBDE or ?*] ?
 This banana is delicious!
 You only feel hungry now.
 The iguana just misses!
 You miss the iguana.
 You hit the iguana!
 You kill the iguana!
 You see here an iguana corpse.
 There is an iguana corpse here; eat it? [ynq] (n) y
 This iguana corpse is stringy.
 You finish eating the iguana corpse.
 You kill the giant rat!
 The giant rat bites!
 You miss the giant rat.
 The giant rat bites!
 You kill the giant rat!
 Valkyrie needs food, badly!
 You hit the giant beetle!
 The giant beetle bites!
 You hit the giant beetle!
 The giant beetle bites!
 You hit the giant beetle!
 The giant beetle bites!
 Are you sure you want to pray? [yn] (n) y
 You begin praying to Tyr.
 You are surrounded by a shimmering light.
 The giant beetle starts to attack you, but pulls back.
 The giant beetle starts to attack you, but pulls back.
 You finish your prayer.
 You feel that Tyr is well-pleased.
 Your stomach feels content.
 The giant beetle bites!
 You die...
 Do you want your possessions identified? [ynq] (y) y
 Do you want to see your attributes? [ynq] (y) q

Inventory:
 Coins    ('$')
  $ - 158 gold pieces
 Amulets  ('"')
  u - a cursed amulet of change
  o - an uncursed amulet of reflection (being worn)
 Weapons  (')')
  g - a +0 dart
  b - a +0 dagger (at the ready)
  a - a corroded +1 dwarvish spear (weapon in right hand)
  e - the cursed +0 Sunsword
 Armor    ('[')
  c - an uncursed +3 small shield (being worn)
  m - an uncursed +0 studded leather armor (being worn)
 Comestibles  ('%')
  x - an uncursed carrot
  B - an uncursed orange
  E - an uncursed tripe ration
 Scrolls  ('?')
  A - an uncursed scroll of create monster
  H - a blessed scroll of earth
  I - an uncursed scroll of earth
  v - an uncursed scroll of magic mapping
 Potions  ('!')
  t - an uncursed potion of restore ability
 Rings    ('=')
  d - a cursed ring of aggravate monster
  q - an uncursed ring of shock resistance (on right hand)
  G - an uncursed ring of sustain ability
 Wands    ('/')
  h - a wand of digging (0:7)
  f - a wand of magic missile (0:4)
  y - a wand of secret door detection (0:12)
  F - a wand of striking (0:7)
 Tools    ('(')
  z - an uncursed leash
  l - an uncursed lock pick

Kolin the Valkyrie's attributes:

Background:
 You were a Fighter, a level 6 dwarven Valkyrie.
 You were lawful, on a mission for Tyr
 who was opposed by Odin (neutral) and Loki (chaotic).
 You were right-handed.
 You were in the Dungeons of Doom, on level 7.
 You entered the dungeon 3318 turns ago.
 You had 582 experience points, 58 more were needed to attain level 7.

Basics:
 You had 0 out of 42 hit points.
 You had all 9 energy points (spell power).
 Your armor class was 3.
 Your wallet contained 158 zorkmids.
 Autopickup was on for '$"?!=/' plus thrown.

Final Characteristics:
 Your strength was 18/02 (limit:18/100).
 Your dexterity was 13 (limit:20).
 Your constitution was 17 (limit:20).
 Your intelligence was 7 (limit:16).
 Your wisdom was 9 (limit:16).
 Your charisma was 9 (limit:16).

Final Status:
 You weren't hungry.
 You were unencumbered.
 You were wielding a spear.
 You had basic skill with spear and could have enhanced that.

Final Attributes:
 You were piously aligned.
 You were cold resistant.
 You were shock resistant.
 Your items were protected from electric shocks.
 You were telepathic.
 You had infravision.
 You were stealthy.
 You were warded.
 You had reflection.
 You are dead.

Miscellaneous:
 You didn't encounter any bones levels.
 Total elapsed playing time was 2 hours, 15 minutes and 3 seconds.

Major events:
 Turn
    1: Kolin the lawful dwarven Valkyrie entered the dungeon
   78: found Sunsword on the floor
  783: entered the Gnomish Mines
  901: attained the rank of Skirmisher (level 3)
 2034: attained the rank of Fighter (level 6)
 2370: entered Sokoban
 2716: completed 1st Sokoban level
 3318: killed by a giant beetle

You didn't know any spells.

Skills:
 Fighting Skills
   bare handed combat [Unskilled]
   two weapon combat  [Unskilled]
   riding             [Unskilled]
 Weapon Skills
   dagger             [Basic]
   axe                [Unskilled]
   pick-axe           [Unskilled]
   short sword        [Unskilled]
   broadsword         [Unskilled]
   long sword         [Unskilled]
   two-handed sword   [Unskilled]
   saber              [Unskilled]
   hammer             [Unskilled]
   quarterstaff       [Unskilled]
   polearms           [Unskilled]
   spear              [Basic]
   trident            [Unskilled]
   lance              [Unskilled]
   sling              [Unskilled]
 Spellcasting Skills
   attack spells      [Unskilled]
   escape spells      [Unskilled]

Voluntary challenges:
 Character rerolling was not enabled.
 You never genocided any monsters.
 You never polymorphed an object.
 You never changed form.
 You used no wishes.
 You did not violate any of the special Sokoban rules.
Achievements:
 You entered the Gnomish Mines.
 You attained the rank of Skirmisher.
 You entered a shop.
 You attained the rank of Fighter.
 You entered Sokoban.

 The Dungeons of Doom: levels 1 to 7
    Level 1:
       Some fountains.
    Level 2:
       A sink.
    Level 3:
       A fountain, a grave.
       Stairs down to The Gnomish Mines.
    Level 4:
       A ring shop, a fountain.
    Level 5:
       A scroll shop, many altars.
    Level 6:
       Some fountains.
    Level 7: <- You were here.
       A fountain.
       Stairs up to Sokoban, level 6.
       Final resting place for
          you, killed by a giant beetle.
 The Gnomish Mines:
    Level 4:
 Sokoban: levels 6 up to 5
    Level 5:
       Unsolved.
    Level 6:
       Solved.


Vanquished creatures:
  a giant mimic
  a giant beetle
  a housecat
  a snake
  3 human zombies
  2 imps
 an orc shaman
  a rock mole
  a fog cloud
  a shrieker
 an elf zombie
  a ghoul
  a straw golem
  a baby crocodile
  a giant ant
  2 floating eyes
  a homunculus
  a kobold leader
  2 hill orcs
  a rabid rat
  a giant bat
  a monkey
 an iguana
 an acid blob
  2 coyotes
  8 manes
  a large kobold
  3 giant rats
  a brown mold
  a gnome zombie
  5 geckos
  5 jackals
  a fox
  2 kobolds
  2 goblins
  3 grid bugs
  2 bats
  4 lichens
  2 kobold zombies
  3 newts
74 creatures vanquished.

No species were genocided or became extinct.

Game over:
                       ----------
                      /          \
                     /    REST    \
                    /      IN      \
                   /     PEACE      \
                  /                  \
                  |      Kolin       |
                  |      158 Au      |
                  |   killed by a    |
                  |   giant beetle   |
                  |                  |
                  |                  |
                  |       2026       |
                 *|     *  *  *      | *
        _________)/\\_//(\/(/\)/\//\/|_)_______

Farvel Kolin the Valkyrie...

You died in The Dungeons of Doom on dungeon level 7 with 2801 points,
and 158 pieces of gold, after 3318 moves.
You were level 6 with a maximum of 42 hit points when you died.

